 Dungeon Crawl Stone Soup version 0.31-a0-239-g0a1456f148 (webtiles) character file.

Game seed: 13037880322547364789

55 qw the Shooter (level 3, -2/21 HPs)
             Began as a Gargoyle Hexslinger on July 11, 2023.
             Slain by a goblin
             ... wielding a +0 club
             ... led by Robin
              (4 damage)
             ... on level 2 of the Dungeon.
             The game lasted 00:00:22 (743 turns).

qw the Shooter (Gargoyle Hexslinger)                 Turns: 743, Time: 00:00:22

Health: -2/21      AC:  5    Str: 11    XL:     3   Next: 93%
Magic:  4/4        EV: 12    Int: 13    God:
Gold:   27         SH:  0    Dex: 14    Spells: 3/4 levels left

rFire   . . .        Y - +1 sling
rCold   . . .        (no shield)
rNeg    + . .        c - +0 robe
rPois   inf          (no helmet)
rElec   +            (no cloak)
rCorr   .            (no gloves)
SInv    .            (no boots)
Will    .....        (no amulet)
Stlth   +            (no ring)
HPRegen 0.23/turn    (no ring)
MPRegen 0.09/turn

%: no passive effects
@: no status effects
A: sickness immunity, AC +3, negative energy resistance 1, electricity
resistance, torment resistance 1, petrification resistance
a: no special abilities


You were on level 2 of the Dungeon.
You visited 1 branch of the dungeon, and saw 2 of its levels.

You collected 27 gold pieces.


Innate Abilities, Weirdness & Mutations

You are immune to sickness and miasma.
Your stone body is resilient. (AC +3)
You are immune to poison.
You resist negative energy. (rN+)
You are resistant to electric shocks. (rElec)
You are resistant to unholy torment.
You are immune to petrification.


   Skills:
 - Level 2.0 Fighting
 + Level 3.8 Ranged Weapons
 - Level 1.5 Dodging
 - Level 1.0 Spellcasting
 - Level 2.6 Hexes


You had 3 spell levels left.
You knew the following spells:

 Your Spells              Type           Power      Damage    Failure   Level
a - Slow                  Hex            28%        N/A       10%         1

Your spell library contained the following spells:

 Spells                   Type           Power      Damage    Failure   Level
 Inner Flame              Hex/Fire       4%         N/A       43%         3
 Portal Projectile        Hex/Tloc       8%         N/A       43%         3
 Cause Fear               Hex            3%         N/A       67%         4

Inventory:

Hand Weapons
 Y - a +1 sling (weapon)
Armour
 c - a +0 robe (worn)
Potions
 d - a potion of curing {unknown}

Dungeon Overview and Level Annotations

Branches:
Dungeon (2/15)

Altars:


Message History

The sling bullet hits the goblin.
The goblin is almost dead.
The goblin closely misses you.
A goblin comes into view. It is wielding a +0 club.
Robin misses you.
You shoot a sling bullet. The sling bullet hits Robin.
Robin is severely wounded.
The hobgoblin no longer looks unusually strong.
The goblin barely misses you. Robin barely misses you.
You shoot a sling bullet.
The sling bullet hits Robin but does no damage.
Robin is severely wounded.
The goblin no longer looks unusually strong.
The goblin hits you with a +0 club. Robin misses you.
The goblin hits you with a +0 club.
You shoot a sling bullet. The sling bullet hits Robin.
Robin is almost dead.
The hobgoblin no longer looks unusually strong.
The goblin no longer looks unusually strong.
The hobgoblin no longer looks unusually strong.
The goblin no longer looks unusually strong.
The goblin closely misses you.
Robin roars a battlecry!
The goblins go into a battle-frenzy!
You shoot a sling bullet. The sling bullet hits Robin.
Robin is almost dead.
The goblin hits you but does no damage. Robin misses you.
You shoot a sling bullet.
The sling bullet hits Robin but does no damage.
Robin is almost dead.
The goblin barely misses you. Robin hits you with a +0 club.
You shoot a sling bullet. The sling bullet hits Robin.
You kill Robin!
The goblin barely misses you.
You shoot a sling bullet.
The sling bullet closely misses the goblin.
The sling bullet hits the hobgoblin!
You kill the hobgoblin!
The goblin hits you but does no damage. The goblin hits you with a +0 club.
You die...

........
#...#.#
#...#.#
#..<#:####
#...#.)..#
#......#.#
#..........#
........###g##
..#####.# #@#
. #.# #g# ..#
#g# #.. .g.
#.# #g# #g#
#g# )g#


You could see 3 hobgoblins and 5 goblins.

Vanquished Creatures
  Robin (D:2)
  A gnoll (D:1)
  8 bats (D:1)
  3 endoplasms
  A giant cockroach (D:1)
  8 goblins
  3 hobgoblins
  A quokka (D:1)
  A ball python (D:1)
  5 frilled lizards (D:1)
  A kobold (D:2)
  3 rats (D:1)
36 creatures vanquished.

Notes
Turn   | Place    | Note
-------+----------+-------------------------------------------
     0 | D:1      | qw the Gargoyle Hexslinger began the quest for the Orb.
     0 | D:1      | Reached XP level 1. HP: 12/12 MP: 2/2
     0 | D:1      | 0 ||| qw: Version: 0.3-a-52-g30416fa
     0 | D:1      | 0 ||| qw: Game counter: 5910
     0 | D:1      | 0 ||| qw: Melee chars always use a shield: true
     0 | D:1      | 0 ||| qw: God list: Okawaru
     0 | D:1      | 0 ||| qw: Allow faded altars: false
     0 | D:1      | 0 ||| qw: Do Orc after clearing Dungeon:15 true
     0 | D:1      | 0 ||| qw: Do second Lair branch before Depths: true
     0 | D:1      | 0 ||| qw: Lair rune preference: random
     0 | D:1      | 0 ||| qw: Goals: Normal
     0 | D:1      | 0 ||| PLANNING D:1-11
   112 | D:1      | HP: 2/12 [frozen (4)]
   114 | D:1      | Reached XP level 2. HP: 3/16 MP: 3/3
   291 | D:1      | Reached skill level 3 in Ranged Weapons
   437 | D:1      | Reached XP level 3. HP: 21/21 MP: 4/4
   689 | D:1      | 689 ||| READING scroll labelled GIW CEMNEEWUV.
   690 | D:1      | 690 ||| DROPPING scroll of poison.
   721 | D:2      | Noticed Robin
   735 | D:2      | HP: 4/21 [goblin/+0 club[Robin] (2)]
   738 | D:2      | HP: 1/21 [goblin/+0 club[Robin] (2)]
   742 | D:2      | Killed Robin
   743 | D:2      | Slain by a goblin

Levels and vault maps discovered:
D:1:      elethiomel_arrival_shortcut, layout_basic, hangedman_decor_points,
          minmay_hexomino_f4
D:2:      layout_loops_cross, serial_shops, nicolae_shop_back_alley_shop,
          serial_bayou, serial_bayou_pond_a, serial_bayou_pond_b,
          serial_bayou_lagoon_a, serial_bayou_lake_a, serial_bayou_pond_e,
          serial_bayou_pond_a, uniq_robin, uniq_sigmund, uniq_natasha

Skill      XL: |  1  2 |
---------------+-------+-----
Ranged Weapons | 3 |  3.8
Fighting       | 2 |  2.0
Dodging        | |  1.5
Spellcasting   | |  1.0
Hexes          | |  2.6

Action                     || total
---------------------------++-------
   Fire: Sling             ||   103
    Use: Scroll            ||     1
 Armour: Robe              ||    19
  Dodge: Dodged            ||    42

Table legend:
 A = Non-vault XP
 B = Vault XP
 C = Vault XP percentage of total XP
 D = Non-vault monster count
 E = Vault monster count
 F = Vault count percentage of total count
                 A         B        C        D         E       F
            +---------+---------+-------+---------+---------+-------
      Total |      52 |      29 |  35.8 |      27 |       9 |  25.0
            +---------+---------+-------+---------+---------+-------
        D:1 |      47 |       6 |  11.3 |      24 |       4 |  14.3
        D:2 |       5 |      23 |  82.1 |       3 |       5 |  62.5
            +---------+---------+-------+---------+---------+-------
